 Dungeon Crawl Stone Soup version 0.27-a0-488-g88baaf19db (webtiles) character file.

Game seed: 18040885873210089876

8457 Anon1729 the Frost Mage (level 11, -5/68 HPs)
             Began as a Merfolk Ice Elementalist on Mar 2, 2021.
             Was an Elder of Fedhas.
             Slain by Urug
             ... wielding a +2 broad axe of flaming
              (12 damage)
             ... on level 11 of the Dungeon.
             The game lasted 01:18:24 (12654 turns).

Anon1729 the Frost Mage (Merfolk Ice Elementalist) Turns: 12654, Time: 01:18:24

Health: -5/68      AC: 17    Str: 19    XL:     11   Next: 31%
Magic:  15/20      EV: 18    Int: 13    God:    Fedhas [****..]
Gold:   625        SH:  0    Dex: 16    Spells: 10/23 levels left

rFire    . . .     SeeInvis .   W - +12 mace "Zifed" {flame, *Drain Str+9 Int-4 Dex+2}
rCold    . . .     Faith    .   (no shield)
rNeg     + . .     Spirit   .   B - +2 leather armour {rPois}
rPois    +         Reflect  .   Y - +0 helmet
rElec    .         Harm     .   J - +0 cloak
rCorr    .         Rampage  .   (no gloves)
Will     .....                  G - +0 pair of boots
Stlth    ++++......             i - amulet of magic regeneration
HPRegen  0.21/turn              t - +4 ring of protection
MPRegen  0.42/turn              A - ring of positive energy

@: ice-armoured, frozen ramparts
A: change form in water, swift swim, stealthy swim
a: Renounce Religion, Wall of Briars, Grow Ballistomycete, Overgrow


You were on level 11 of the Dungeon.
You worshipped Fedhas.
Fedhas was greatly pleased with you.
You visited 2 branches of the dungeon, and saw 12 of its levels.
You also visited: Ossuary.

You collected 709 gold pieces.
You spent 84 gold pieces at shops.

Inventory:

Hand Weapons
 y - a +2 flail of draining
 F - a +2 flail of protection
 H - a +2 dagger of venom
 W - the +12 mace "Zifed" (weapon) {flame, *Drain Str+9 Int-4 Dex+2}
   (You found it on level 8 of the Dungeon)

   It has been specially enchanted to burn those struck by it, causing extra
   injury to most foes and up to half again as much damage against particularly
   susceptible opponents.
   It affects your strength (+9).
   It affects your intelligence (-4).
   It affects your dexterity (+2).
   It causes draining when unequipped.
Missiles
 R - 7 curare-tipped darts
Armour
 a - a +0 robe
 e - a +0 leather armour
 n - a +0 buckler
 B - a +2 leather armour of poison resistance (worn)
 G - a +0 pair of boots (worn)
 J - a +0 cloak (worn)
 Y - a +0 helmet (worn)
Jewellery
 c - a ring of willpower
 i - an amulet of magic regeneration (around neck)
 t - a +4 ring of protection (left hand)
 z - a ring of resist corrosion
 A - a ring of positive energy (right hand)
 V - an amulet of faith
Wands
 K - a wand of flame (23)
 P - a wand of polymorph (21)
 U - a wand of paralysis (5)
 X - a wand of digging (8)
Scrolls
 j - 4 scrolls of amnesia
 l - 4 scrolls of fog
 v - a scroll of immolation
 w - 2 scrolls of fear {unknown}
 x - 3 scrolls of random uselessness {unknown}
 C - 3 scrolls of magic mapping {unknown}
 D - a scroll of silence {unknown}
 E - 5 scrolls of teleportation
 I - 2 scrolls of identify
 M - 2 scrolls of enchant armour {unknown}
 O - 3 scrolls of holy word {unknown}
 Q - 3 scrolls of enchant weapon
 S - 2 scrolls of blinking {unknown}
 Z - a scroll of brand weapon {unknown}
Potions
 b - 2 potions of haste
 f - 2 potions of cancellation {unknown}
 g - 7 potions of heal wounds
 h - 3 potions of mutation {unknown}
 o - 3 potions of attraction
 p - 3 potions of flight
 q - 7 potions of curing
 r - 3 potions of lignification {unknown}
 s - 4 potions of brilliance
 u - a potion of berserk rage {unknown}
 L - a potion of magic {unknown}
 N - 3 potions of ambrosia
 T - a potion of might {unknown}


   Skills:
 + Level 9.2 Dodging
 + Level 8.3 Stealth
 + Level 2.8 Shields
 + Level 6.5 Spellcasting
 + Level 6.0 Summonings
 * Level 11.2 Ice Magic
 + Level 5.2 Invocations


You had 10 spell levels left.
You knew the following spells:

 Your Spells              Type           Power        Failure   Level
a - Freeze                Ice            100%         1%          1
b - Frozen Ramparts       Ice            66%          1%          3
c - Ozocubu's Armour      Ice            33%          1%          3
d - Summon Ice Beast      Ice/Summ       26%          5%          4
e - Call Imp              Summ           19%          2%          2

Your spell library contained the following spells:

 Spells                   Type           Power        Failure   Level
 Summon Small Mammal      Summ           76%          1%          1
 Ensorcelled Hibernation  Hex/Ice        36%          3%          2
 Call Canine Familiar     Summ           19%          4%          3
 Summon Guardian Golem    Hex/Summ       12%          17%         3
 Corona                   Hex            4%           19%         1
 Hailstorm                Conj/Ice       18%          19%         4
 Confusing Touch          Hex            4%           50%         3
 Dazzling Flash           Conj/Hex       8%           50%         3
 Tukima's Dance           Hex            4%           50%         3
 Summon Lightning Spire   Summ/Air       12%          50%         4


Dungeon Overview and Level Annotations

Branches:
Dungeon (11/15)            Temple (1/1) D:6            Lair (0/6) D:8
Ossuary (visited)
    Orc: D:9-12

Altars:
Ashenzari
Cheibriados
Dithmenos
Elyvilon
Fedhas
Gozag
Hepliaklqana
Kikubaaqudgha
Makhleb
Nemelex Xobeh
Okawaru
Qazlal
Ru
Sif Muna
Trog
Uskayaw
Vehumet
Wu Jian
Xom
Yredelemnul
Zin
The Shining One
Beogh

Shops:
D:10 *

Annotations:
D:1 exclusion: downstairs
D:2 exclusion: downstairs
D:5 exclusions: downstairs, ice beast, orc wizard and shadow imp, Prince Ribbit
D:6 exclusion: downstairs
D:7 Maggie
D:8 exclusion: downstairs
D:9 2 transporters
D:11 Urug


Message History

You see here a ring of willpower.
Drop what? 52/52 slots (_ for help) (? for menu, Esc to quit)
You drop 146 arrows.
You drop 278 stones.
You drop 49 poisoned darts.
You drop 83 bolts.
c - a ring of willpower You open the door.
A worker ant comes into view.
There is an open door here.
The helpless worker ant fails to defend itself.
You bludgeon the worker ant!! You burn the worker ant.
You kill the worker ant!
Fedhas appreciates your contribution to the ecosystem.
No target in view!
You open the door.
There is an open door here.
E - 5 scrolls of teleportation (gained 1)
You open the door.
Urug the Orcish Ballista comes into view.
She is wielding a +2 broad axe of flaming.
There is an open door here.
Urug shouts!
Urug throws a javelin.
The javelin barely misses you. Urug closely misses you.
Casting: Frozen Ramparts (safe; 1% risk of failure)
Confirm with . or Enter, or press ? or * to list all spells.
Casting: Frozen Ramparts (safe; 1% risk of failure)
Press: ? - help, Dir - look around, f - activate The walls around you are covered in ice.
The wall freezes Urug.
Urug hits you with a +2 broad axe of flaming!!
Urug burns you!
Casting: Frozen Ramparts (safe; 1% risk of failure)
Confirm with . or Enter, or press ? or * to list all spells.
A film of ice covers your body!
The wall freezes Urug.
Urug hits you with a +2 broad axe of flaming!!
* * * LOW HITPOINT WARNING * * *
Urug burns you!
You die...
Fedhas appreciates your contribution to the ecosystem.

#+# #o#
#@# #.#
#.# #.#
##'#######
#........#
#........#
#........+
#........#


You could see Urug.

Vanquished Creatures
  Sonja (D:11)
  Pikel (D:7)
  Joseph (D:10)
  2 trolls
  A hornet (D:10)
  3 yaks (D:9)
  An orc warrior (D:10)
  A sky beast (D:7)
  2 black bears
  An ice beast (D:6)
  6 ogres
  3 centaurs
  2 phantoms
  3 kobold brigands
  2 lemures (D:7)
  5 bullfrogs
  A wyvern skeleton (D:6)
  3 scorpions
  7 howler monkeys
  3 wights (D:10)
  2 electric eels (D:9)
  5 centaur zombies
  A bullfrog zombie (D:9)
  A quasit (D:9)
  A jelly (D:10)
  3 bullfrog skeletons
  Crazy Yiuf (D:3)
  6 orc priests
  2 centaur skeletons
  4 hounds
  3 iguanas
  Terence (D:2)
  Natasha (twice) (D:3)
  11 worker ants
  5 orc wizards
  A hound zombie (D:8)
  3 mummies (Ossuary)
  17 adders
  14 gnolls
  A howler monkey skeleton (D:9)
  A shadow imp (D:7)
  An ufetubus (D:8)
  An ooze (D:4)
  An adder skeleton (D:8)
  2 worms
  2 dart slugs (D:3)
  5 leopard geckos
  33 orcs
  2 ball pythons
  9 bats
  4 giant cockroaches
  12 goblins
  7 hobgoblins
  13 jackals
  16 kobolds
  2 quokkas
  4 frilled lizards
  2 hobgoblin zombies (Ossuary)
  A jackal zombie (D:5)
  2 quokka skeletons
  4 rats
257 creatures vanquished.

Vanquished Creatures (collateral kills)
  Harold (D:10)
  2 two-headed ogres
  A centaur skeleton (D:10)
  2 orc warriors
  A bullfrog (D:10)
  2 electric eels (D:9)
  A quasit (D:8)
  A jelly (D:10)
  Natasha (D:3)
  2 orc wizards
  A mummy (Ossuary)
  An orc (D:10)
  A hobgoblin zombie (Ossuary)
17 creatures vanquished.

Grand Total: 274 creatures vanquished

Notes
Turn   | Place    | Note
-------+----------+-------------------------------------------
     0 | D:1      | Anon1729 the Merfolk Ice Elementalist began the quest for
                  | the Orb.
     0 | D:1      | Reached XP level 1. HP: 13/13 MP: 3/3
   600 | D:1      | Reached XP level 2. HP: 19/19 MP: 3/5
  1449 | D:2      | Reached XP level 3. HP: 21/24 MP: 0/6
  1508 | D:2      | Learned a level 3 spell: Frozen Ramparts
  1600 | D:2      | Found a faded altar of an unknown god.
  1748 | D:2      | Reached skill level 5 in Ice Magic
  1923 | D:2      | Found a shadowy altar of Dithmenos.
  1930 | D:2      | Noticed Terence
  2242 | D:2      | Reached XP level 4. HP: 30/30 MP: 1/7
  2650 | D:2      | Learned a level 3 spell: Ozocubu's Armour
  2788 | D:2      | Killed Terence
  2975 | D:3      | Reached XP level 5. HP: 35/35 MP: 6/9
  3090 | D:3      | Noticed Natasha
  3925 | D:3      | Found a runed translucent door.
  3926 | D:3      | Noticed Crazy Yiuf
  4134 | D:4      | Reached XP level 6. HP: 23/41 MP: 1/10
  4181 | D:4      | Reached skill level 6 in Ice Magic
  4464 | D:4      | Learned a level 4 spell: Summon Ice Beast
  4508 | D:4      | Found an opulent altar of Gozag.
  4663 | D:4      | Reached skill level 1 in Summonings
  4663 | D:4      | Reached XP level 7. HP: 25/46 MP: 1/12
  5082 | D:4      | Reached skill level 5 in Dodging
  5268 | D:4      | Reached skill level 7 in Ice Magic
  5542 | D:4      | Reached XP level 8. HP: 40/52 MP: 7/13
  5678 | D:5      | Entered Level 5 of the Dungeon
  5737 | D:5      | Reached skill level 5 in Stealth
  6155 | D:5      | Noticed Prince Ribbit
  6266 | D:3      | Killed Natasha
  6349 | D:3      | Killed Crazy Yiuf
  6416 | D:3      | Noticed Natasha
  6418 | D:3      | Killed Natasha
  6454 | D:3      | Noticed Natasha
  6460 | D:3      | Killed Natasha
  6605 | D:5      | Reached skill level 8 in Ice Magic
  6981 | D:5      | Noticed a nameless horror
  7025 | D:6      | Learned a level 2 spell: Call Imp
  7133 | D:6      | Found a staircase to the Ecumenical Temple.
  7149 | Temple   | Entered the Ecumenical Temple
  7213 | Temple   | Became a worshipper of Fedhas Madash
  7239 | D:6      | Found a sand-covered staircase.
  7282 | Ossuary  | Entered an ossuary
  7522 | Ossuary  | Reached XP level 9. HP: 57/57 MP: 12/15
  7719 | D:6      | Reached skill level 1 in Invocations
  8067 | D:6      | Reached * piety under Fedhas
  8350 | D:7      | Reached skill level 9 in Ice Magic
  8357 | D:7      | Noticed Maggie
  8431 | D:7      | Reached skill level 5 in Spellcasting
  8672 | D:7      | Noticed Pikel
  8681 | D:7      | Killed Pikel
  8950 | D:8      | Reached ** piety under Fedhas
  9091 | D:8      | Found a staircase to the Lair.
  9404 | D:8      | Identified the +12 mace "Zifed" {flame, *Drain Str+9 Int-4
                  | Dex+2}
  9520 | D:9      | Noticed a two-headed ogre
  9631 | D:9      | Reached XP level 10. HP: 49/63 MP: 18/18
  9914 | D:9      | Reached *** piety under Fedhas
  9961 | D:9      | Reached skill level 10 in Ice Magic
 10008 | D:9      | Found a roughly hewn altar of Beogh.
 10008 | D:9      | Found a transporter.
 10018 | D:9      | Reached skill level 5 in Summonings
 10061 | D:9      | Found a transporter.
 10794 | D:9      | Noticed a two-headed ogre
 10811 | D:9      | Killed a two-headed ogre
 11024 | D:10     | Entered Level 10 of the Dungeon
 11107 | D:10     | Reached skill level 1 in Shields
 11254 | D:10     | Noticed Joseph
 11275 | D:10     | Reached **** piety under Fedhas
 11283 | D:10     | Killed Joseph
 11295 | D:10     | Noticed Harold
 11576 | D:10     | Killed Harold
 11612 | D:10     | Reached XP level 11. HP: 55/68 MP: 20/20
 11831 | D:10     | Found Soulytyt's Assorted Antiques.
 11838 | D:10     | Bought a sedimented puce potion for 27 gold pieces
 11838 | D:10     | Bought a gluggy blue potion for 27 gold pieces
 11838 | D:10     | Bought a scroll labelled NAAFRABI SAROG for 30 gold pieces
 11974 | D:10     | Noticed a two-headed ogre
 11992 | D:10     | Killed a two-headed ogre
 11993 | D:10     | Reached skill level 11 in Ice Magic
 11993 | D:10     | Reached skill level 5 in Invocations
 12453 | D:11     | Noticed Sonja
 12470 | D:11     | Killed Sonja
 12647 | D:11     | Noticed Urug
 12654 | D:11     | Slain by Urug

Illustrated notes

Levels and vault maps discovered:
D:1:      lemuel_arrival_muddy, layout_basic, st_stairs_7,
          minmay_misc_feat_rugged
D:2:      layout_loops_ring, nicolae_dithmenos_through_a_glass_darkly,
          chequers_ecumenical_altar_grove, uniq_terence
D:3:      layout_rooms, uniq_natasha, uniq_crazy_yiuf_cottage
D:4:      black_bear_nest_1, layout_cave_pools, st_stairs_11,
          grunt_gozag_breadcrumbs
D:5:      layout_basic, uniq_prince_ribbit1
D:6:      layout_rooms, minmay_temple_entry_slanted, nicolae_ossuary_entry_ruins
D:7:      layout_rooms, minmay_misc_feat_enclosed, uniq_maggie, uniq_pikel
D:8:      layout_cave_pools, lair_entry_dummy
D:9:      gammafunk_beogh_shrine, layout_stronghold, kennysheep_boxes
D:10:     layout_basic, serial_shops, shop, hex_large, uniq_joseph, uniq_harold
D:11:     layout_roguey, uniq_urug, uniq_sonja
Temple:   nicolae_temple_the_god_donut

Skill      XL: |  1  2  3  4  5  6  7  8  9 10 11 |
---------------+----------------------------------+-----
Dodging        | 3 4 5 6 7 8 9 |  9.2
Ice Magic      | 5 6 7 8 9 10 11 | 11.2
Stealth        | 3 4 5 6 8 |  8.3
Spellcasting   | 3 4 5 6 |  6.5
Summonings     | 1 2 3 4 5 6 |  6.0
Invocations    | 3 4 5 |  5.2
Shields        | 2 |  2.8

Action                   |  1- 3 |  4- 6 |  7- 9 | 10-12 || total
-------------------------+-------+-------+-------+-------++-------
Melee: Dagger            |     8 |    23 |     9 |       ||    40
       Flail             |       |     6 |   151 |       ||   157
       Mace              |       |       |    15 |   136 ||   151
       Unarmed           |       |       |     2 |       ||     2
Throw: Stone             |    40 |     5 |     1 |       ||    46
       Dart              |       |    33 |     4 |       ||    37
 Cast: Freeze            |    50 |    89 |    98 |       ||   237
       Frozen Ramparts   |     1 |     9 |    38 |    10 ||    58
       Ozocubu's Armour  |       |     4 |    17 |     3 ||    24
       Summon Ice Beast  |       |       |     5 |    20 ||    25
       Call Imp          |       |       |     9 |    18 ||    27
Evoke: Wand              |       |       |       |     1 ||     1
  Use: Potion            |       |     1 |       |       ||     1
       Scroll            |       |       |     7 |     3 ||    10
 Stab: Sleeping          |     5 |     2 |     5 |    11 ||    23
       Distracted        |       |       |       |     2 ||     2
Armor: Robe              |     7 |    38 |     1 |       ||    46
       Leather armour    |       |       |   102 |    50 ||   152
Dodge: Dodged            |    25 |    71 |   231 |   153 ||   480

Table legend: (Time is in decaauts)
 A = Elapsed time spent in this place.
 B = Non-inter-level travel time spent in this place.
 C = Inter-level travel time spent in this place.
 D = Time resting spent in this place.
 E = Time spent auto-exploring this place.
 F = Levels seen in this place.
 G = Mean time per level.
                   A        B        C        D        E       F      G
               +--------+--------+--------+--------+--------+-----+--------+
         Total |  12781 |  11868 |    913 |   3101 |   5364 |  13 |  983.2 |
       Dungeon |  12300 |  11433 |    867 |   2911 |   5357 |  11 | 1118.2 |
        Temple |     87 |     41 |     46 |      0 |      0 |   1 |   87.0 |
       Ossuary |    392 |    392 |      0 |    190 |      7 |   1 |  392.0 |
               +--------+--------+--------+--------+--------+-----+--------+

Top non-repeatable levels by time:
     D:2: 1991 daAuts
     D:3: 1474 daAuts
     D:4: 1344 daAuts
     D:1: 1247 daAuts
     D:9: 1222 daAuts
    D:10: 1148 daAuts
     D:5: 1054 daAuts
     D:8: 1021 daAuts
     D:6: 852 daAuts
     D:7: 556 daAuts
 Ossuary: 392 daAuts
    D:11: 386 daAuts
  Temple: 87 daAuts
